 Dungeon Crawl Stone Soup version 0.30-a0-840-ga523dec638 (webtiles) character file.

Game seed: 11531658272640273944

92255 Ceno the Marksspriggan (level 15, -7/77 HPs)
             Began as a Spriggan Hexslinger on Mar 1, 2023.
             Was the Champion of Dithmenos.
             Killed from afar by a raiju (8 damage)
             ... with a living lightning
             ... on level 3 of the Abyss.
             The game lasted 02:01:47 (33599 turns).

Ceno the Marksspriggan (Spriggan Hexslinger)       Turns: 33599, Time: 02:01:47

Health: -7/77      AC: 14    Str:  8    XL:     15   Next: 57%
Magic:  28/28      EV: 31    Int: 18    God:    Dithmenos [******]
Gold:   2205       SH:  5    Dex: 24    Spells: 19/30 levels left

rFire   . . .      SeeInvis +    a - +0 arbalest (flame)
rCold   . . .      Faith    .    (shield currently unavailable)
rNeg    . . .      Spirit   .    U - +1 troll leather armour
rPois   .          Reflect  +    V - +2 hat
rElec   .          Harm     .    K - +2 cloak
rCorr   .          Rampage  .    (gloves unavailable)
Will    ++...                    (boots unavailable)
Stlth   ++++++++                 B - amulet of reflection
HPRegen 0.00/turn                m - +4 ring of protection
MPRegen 0.21/turn                w - +6 ring of dexterity

@: sick, wreathed by umbra, very quick
A: very small, no large weapons, unfitting armour, see invisible, speed 3
a: Renounce Religion, Shadow Step, Shadow Form


You were on level 3 of the Abyss.
You worshipped Dithmenos.
Dithmenos was exalted by your worship.
You visited 4 branches of the dungeon, and saw 23 of its levels.
You visited the Abyss 1 time.

You collected 2205 gold pieces.

Inventory:

Hand Weapons
 a - a +0 arbalest of flaming (weapon)
 b - a +2 dagger of venom
Missiles
 k - 45 poisoned darts
 W - 4 curare-tipped darts
Armour
 K - a +2 cloak (worn)
 U - a +1 troll leather armour (worn)
 V - a +2 hat (worn)
Jewellery
 m - a +4 ring of protection (left hand)
 w - a +6 ring of dexterity (right hand)
 B - an amulet of reflection (around neck)
 E - a ring of resist corrosion
 L - a ring of poison resistance
 P - a ring of protection from cold
 Z - a ring of protection from fire
Wands
 v - a wand of charming (30)
 F - a wand of flame (66)
 S - a wand of roots (6)
Scrolls
 d - a scroll of silence
 e - 3 scrolls of brand weapon
 f - 8 scrolls of teleportation
 g - a scroll of butterflies
 i - 3 scrolls of poison
 j - a scroll of torment
 n - 2 scrolls of immolation
 o - 4 scrolls of vulnerability
 q - 3 scrolls of fear
 y - a scroll of amnesia
 D - a scroll of enchant armour
 J - 3 scrolls of fog
 M - a scroll of blinking {unknown}
 N - a scroll of magic mapping {unknown}
 Y - 2 scrolls of enchant weapon {unknown}
Potions
 h - 13 potions of curing
 l - 2 potions of berserk rage
 p - 4 potions of resistance
 r - 2 potions of magic
 t - 4 potions of mutation
 u - 2 potions of ambrosia
 x - 3 potions of brilliance
 z - 2 potions of cancellation
 A - 4 potions of heal wounds
 C - 2 potions of flight
 H - 5 potions of haste
 I - a potion of might
 Q - 7 potions of lignification
 T - a potion of invisibility
Miscellaneous
 c - a tin of tremorstones (2/2)
 s - a phial of floods


   Skills:
 + Level 8.1 Fighting
 + Level 1.8 Short Blades
 - Level 18.0 Ranged Weapons
 + Level 14.7 Dodging
 + Level 8.7 Stealth
 - Level 8.0 Spellcasting
 - Level 8.0 Hexes
 - Level 3.0 Translocations
 - Level 3.0 Fire Magic
 - Level 12.0 Invocations


You had 19 spell levels left.
You knew the following spells:

 Your Spells              Type           Power      Damage    Failure   Level
a - Slow                  Hex            100%       N/A       1%          1
b - Inner Flame           Hex/Fire       27%        N/A       4%          3
c - Portal Projectile     Hex/Tloc       54%        N/A       4%          3
d - Cause Fear            Hex            18%        N/A       5%          4

Your spell library contained the following spells:

 Spells                   Type           Power      Damage    Failure   Level
 Confusing Touch          Hex            36%        N/A       1%          3
 Summon Guardian Golem    Hex/Summ       21%        N/A       9%          3
 Beastly Appendage        Tmut           14%        N/A       14%         1
 Freeze                   Ice            28%        1d5       14%         1
 Kiss of Death            Conj/Necr      28%        2d7       14%         1
 Sting                    Tmut/Pois      28%        1d4       14%         1
 Summon Small Mammal      Summ           28%        N/A       14%         1
 Poisonous Vapours        Pois/Air       14%        N/A       22%         2
 Wereblood                Tmut           7%         N/A       22%         2
 Leda's Liquefaction      Hex/Erth       10%        N/A       26%         4
 Call Canine Familiar     Summ           7%         N/A       38%         3
 Frozen Ramparts          Ice            14%        1d3       38%         3
 Hailstorm                Conj/Ice       7%         3d4       38%         3
 Spider Form              Tmut/Pois      7%         N/A       38%         3
 Dispel Undead            Necr           7%         3d8       80%         4
 Ice Form                 Ice/Tmut       7%         N/A       80%         4
 Olgreb's Toxic Radiance  Pois           7%         N/A       80%         4
 Summon Ice Beast         Ice/Summ       7%         N/A       80%         4
 Lee's Rapid Deconstruct  Erth           3%         3d5*      98%         5
 Statue Form              Tmut/Erth      4%         N/A       100%        6
 Chain Lightning          Conj/Air       3%         3d4       100%        9
 Fire Storm               Conj/Fire      6%         8d2       100%        9
 Shatter                  Erth           3%         3d7*      100%        9


Dungeon Overview and Level Annotations

Branches:
Dungeon (15/15)            Temple (1/1) D:6            Lair (5/5) D:11
  Swamp (0/4) Lair:2        Snake (0/4) Lair:2        Slime (0/5) Lair:5
    Orc (2/2) D:12            Elf (0/3) Orc:2        Vaults (0/5) D:14
 Depths: D:15

Altars:
Ashenzari
Cheibriados
Dithmenos
Elyvilon
Fedhas
Gozag
Hepliaklqana
Kikubaaqudgha
Makhleb
Nemelex Xobeh
Okawaru
Qazlal
Ru
Sif Muna
Trog
Uskayaw
Vehumet
Wu Jian
Xom
Yredelemnul
Zin
The Shining One
Jiyva

Shops:
D:6 (   D:11 :   D:13 *   D:14 *   Orc:2 (![[

Annotations:
D:8 3 runed translucent doors, Zonian's ghost, novice VSTm
D:11 3 runed translucent doors, mewnfare's ghost, novice FeAE
D:12 Fannar; Urug
D:14 Louise
Lair:5 1 runed translucent door


Innate Abilities, Weirdness & Mutations

You are very small and have problems with some larger weapons.
You are too small for most types of armour.
You have supernaturally acute eyesight. (SInv)
You cover ground extremely quickly. (Speed+++)


Message History

The bolt hits the raiju but does no damage.
The raiju closely misses you.
The raiju splashes around in the water.
The blizzard demon completely misses you. x2
The raiju bursts into living lightning!
The living lightning misses you.
The living lightning hits the blizzard demon.
The blizzard demon completely resists.
The raiju blinks!
The raiju bursts into living lightning!
The living lightning misses you.
The living lightning hits the raiju.
The raiju completely resists.
The raiju blinks!
The blizzard demon shouts!
You hear a roar!
The raiju misses you.
The ancient zyme completely misses you. x2
You feel ill.
The merfolk impaler completely misses you.
An ancient zyme comes into view.
The raiju bursts into living lightning!
The living lightning hits you!
* * * LOW HITPOINT WARNING * * *
The living lightning hits the blizzard demon.
The blizzard demon completely resists.
The raiju blinks!
The merfolk impaler completely misses you.
The blizzard demon closely misses you. The blizzard demon misses you.
The raiju bursts into living lightning!
The living lightning hits you!
* * * LOW HITPOINT WARNING * * *
The raiju blinks!
The blizzard demon hits you.
* * * LOW HITPOINT WARNING * * *
The blizzard demon completely misses you.
The ancient zyme completely misses you. You block the ancient zyme's attack.
You shoot a bolt. The thrashing horror roars!
The bolt hits the raiju.
The bolt burns the raiju.
The raiju is lightly wounded.
Your shadow shoots a bolt.
The bolt hits the raiju!
The merfolk impaler barely misses you. The unseen horror barely misses you.
The raiju bursts into living lightning!
The living lightning hits the blizzard demon.
The blizzard demon completely resists.
The living lightning hits you!
You die...

# §. .. . # .## .. #..
...#.## . . . #.
######.#.... .. .
...#.§.#.##...... . #
.#. #.##..#..#.#..#.
...# .#.
#≈≈≈⌠≈§≈≈≈.#........##
# .#≈≈≈.≈.≈≈≈.......
... #.
∩.⌠..~φhx@h...h..##' #
. #≈≈≈.≈.2x2....#.#.
#. . #≈≈≈⌠≈⌠≈m≈......#
.### #
..#.##...##....x... ..
# #...##.#h#... .##.
#.X.##.#3#.## .# #...#
#3#. .
#.####...##.#.#.# ..
........ .#.#.#. .


You could see a merfolk impaler, 2 blizzard demons, 2 ancient zymes, a thrashing
horror, a smoke demon, an unseen horror (invisible) and 4 raiju.

Vanquished Creatures
  Gastronok (Lair:3)
  An orc warlord (D:12)
  Nessos (D:12)
  Snorg (D:10)
  Josephine (D:12)
  A great orb of eyes (Abyss:3)
  3 hydras
  An ogre mage (D:14)
  A centaur warrior (D:14)
  A boulder beetle (Lair:4)
  13 death yaks
  7 two-headed ogres
  3 orc high priests
  Sonja (D:12)
  2 skysharks
  A fire crab (shapeshifter) (D:14)
  7 orc knights
  4 deep elf pyromancers
  6 orc sorcerers (Orc:2)
  A deep elf zephyrmancer (D:11)
  7 ugly things
  2 manticores
  A cyclops (D:11)
  A salamander (Lair:2)
  A wolf spider (Lair:5)
  A guardian serpent (Lair:5)
  6 black mambas
  28 elephants
  8 torpor snails
  15 cane toads
  9 kobold demonologists
  2 rime drakes
  9 komodo dragons
  3 tyrant leeches (Lair:5)
  An ancient zyme (Abyss:3)
  A tengu conjurer (D:11)
  8 trolls
  12 hornets
  3 polar bears (Lair:5)
  3 meliai (D:13)
  10 blink frogs
  7 dream sheep
  A raiju (shapeshifter) (D:13)
  11 slime creatures
  A shadow (D:12)
  7 wraiths
  A vampire (D:11)
  A centaur simulacrum (D:14)
  A spriggan (Lair:2)
  31 yaks
  18 wyverns
  3 basilisks
  A golden eye (shapeshifter) (D:13)
  A fire bat (Abyss:3)
  A steam dragon (D:11)
  7 vampire mosquitoes
  3 redbacks
  Edmund (D:7)
  2 acid dragons (D:12)
  14 water moccasins
  5 wargs (Orc:2)
  A meliai simulacrum (D:14)
  24 orc warriors
  An ice beast (D:8)
  9 ogres
  A black bear (Lair:1)
  12 wolves
  7 centaurs
  2 phantoms (D:4)
  4 kobold brigands
  9 bullfrogs
  A gnoll sergeant (D:11)
  A water moccasin zombie (D:4)
  2 scorpions
  5 killer bees (D:10)
  4 howler monkeys
  A lava snake (Lair:2)
  6 hounds
  2 jellies
  A gnoll bouda (D:9)
  16 orc priests
  3 bullfrog skeletons (D:4)
  3 scorpion zombies (D:4)
  2 iguanas
  22 orc wizards
  4 hell rats (Lair:4)
  A boggart simulacrum (D:14)
  A hound skeleton (D:4)
  A howler monkey zombie (D:4)
  Robin (D:3)
  9 gnolls
  7 adders
  2 white imps
  4 ufetubi
  5 adder zombies (D:4)
  A dart slug (D:3)
  68 orcs
  6 endoplasms
  A giant cockroach (D:4)
  16 goblins
  3 hobgoblins
  4 jackals (D:1)
  7 quokkas
  8 ball pythons
  10 bats
  4 frilled lizards
  A jackal zombie (D:4)
  17 kobolds
  5 rats
  3 bushes (Lair:4)
633 creatures vanquished.

Vanquished Creatures (others)
  49 fungi
  110 plants
  4 withered plants (D:4)
163 creatures vanquished.

Grand Total: 796 creatures vanquished

Notes
Turn   | Place    | Note
-------+----------+-------------------------------------------
     0 | D:1      | Ceno the Spriggan Hexslinger began the quest for the Orb.
     0 | D:1      | Reached XP level 1. HP: 9/9 MP: 3/3
   152 | D:1      | Reached skill level 1 in Stealth
   153 | D:1      | Reached XP level 2. HP: 13/14 MP: 1/5
  1002 | D:2      | Reached XP level 3. HP: 17/17 MP: 6/6
  1131 | D:2      | Reached skill level 3 in Ranged Weapons
  1131 | D:2      | Reached skill level 1 in Fire Magic
  1802 | D:3      | Noticed Robin
  1860 | D:3      | Learned a level 3 spell: Inner Flame
  1891 | D:3      | Reached XP level 4. HP: 21/21 MP: 3/7
  1992 | D:3      | Noticed a scorpion
  2009 | D:3      | Killed a scorpion
  2101 | D:3      | Reached XP level 5. HP: 25/25 MP: 9/9
  2187 | D:3      | Identified the +2 pair of boots of Fashionability {Slay+3
                  | SInv}
  2992 | D:3      | Killed Robin
  3121 | D:4      | Noticed an ogre
  3124 | D:4      | Killed an ogre
  3125 | D:4      | Reached skill level 4 in Ranged Weapons
  3125 | D:4      | Reached XP level 6. HP: 29/29 MP: 6/11
  3254 | D:4      | Reached skill level 5 in Stealth
  3656 | D:4      | Reached XP level 7. HP: 31/32 MP: 13/13
  3660 | D:4      | Learned a level 3 spell: Portal Projectile
  3665 | D:4      | Learned a level 4 spell: Cause Fear
  3875 | D:4      | Reached skill level 1 in Translocations
  3893 | D:4      | Reached skill level 5 in Ranged Weapons
  4134 | D:4      | Identified the +3 ring mail "Ibaulyu" {rF+}
  4439 | D:5      | Entered Level 5 of the Dungeon
  4631 | D:5      | Reached skill level 1 in Fighting
  4806 | D:5      | Reached XP level 8. HP: 29/37 MP: 7/15
  5729 | D:6      | Noticed Edmund
  5730 | D:6      | Found a white marble altar of Elyvilon.
  5732 | D:6      | Found Oleuba's Antique Weapon Shoppe.
  5966 | D:6      | Found a staircase to the Ecumenical Temple.
  5972 | Temple   | Entered the Ecumenical Temple
  6163 | Temple   | Became a worshipper of Dithmenos the Shadowed
  6743 | D:7      | Reached skill level 6 in Ranged Weapons
  6743 | D:7      | Reached skill level 5 in Hexes
  7504 | D:7      | Found a burning altar of Makhleb.
  7748 | D:7      | Killed Edmund
  7749 | D:7      | Reached skill level 1 in Invocations
  8229 | D:8      | Found a runed translucent gate.
  8229 | D:8      | Found a runed translucent gate.
  8230 | D:8      | Found a runed translucent gate.
  8234 | D:8      | Noticed Zonian's ghost (novice VSTm)
  8234 | D:8      | Noticed a slime creature
  8235 | D:8      | Noticed a slime creature
  8526 | D:8      | Found a viscous altar of Jiyva.
  8653 | D:9      | Reached XP level 9. HP: 16/44 MP: 2/16
  8776 | D:9      | Reached * piety under Dithmenos
  9213 | D:9      | Found an ancient bone altar of Kikubaaqudgha.
  9407 | D:9      | Reached skill level 5 in Dodging
  9745 | D:9      | Reached ** piety under Dithmenos
  9894 | D:10     | Entered Level 10 of the Dungeon
  9933 | D:10     | Identified 2 scrolls of acquirement
  9933 | D:10     | Acquired a ring of wizardry
  9955 | D:10     | Found a sparkling altar of Nemelex Xobeh.
  9971 | D:10     | Reached skill level 7 in Ranged Weapons
 10172 | D:10     | Noticed Snorg
 10344 | D:10     | Killed Snorg
 10478 | D:10     | Reached XP level 10. HP: 51/51 MP: 11/17
 11220 | D:11     | Noticed a cyclops
 11235 | D:11     | Killed a cyclops
 11236 | D:11     | Reached skill level 5 in Fighting
 11236 | D:11     | Reached skill level 8 in Ranged Weapons
 11236 | D:11     | Reached skill level 5 in Invocations
 11346 | D:11     | Found a runed translucent gate.
 11347 | D:11     | Found a runed translucent gate.
 11347 | D:11     | Noticed a cyclops
 11347 | D:11     | Noticed mewnfare's ghost (novice FeAE)
 11348 | D:11     | Found a runed translucent gate.
 11370 | D:11     | Noticed a two-headed ogre
 11647 | D:11     | Found a staircase to the Lair.
 11745 | D:11     | Found Nuxkas's Book Emporium.
 12037 | D:11     | Noticed a deep elf zephyrmancer
 12271 | Lair:1   | Entered Level 1 of the Lair of Beasts
 12271 | Lair:1   | Noticed a cane toad
 12282 | D:11     | Killed a cane toad
 12283 | D:11     | Reached skill level 9 in Ranged Weapons
 12283 | D:11     | Reached XP level 11. HP: 56/56 MP: 11/18
 12402 | Lair:1   | You fall into a shaft and drop 1 floor!
 12678 | Lair:1   | Upgraded the game from 0.30-a0-830-gfe289a77b0 to
                  | 0.30-a0-840-ga523dec638
 13160 | Lair:1   | Reached *** piety under Dithmenos
 13161 | Lair:1   | Reached skill level 10 in Ranged Weapons
 14922 | Lair:2   | Reached skill level 11 in Ranged Weapons
 15485 | Lair:2   | Found a staircase to the Swamp.
 15716 | Lair:2   | Found a staircase to the Snake Pit.
 16042 | Lair:3   | Noticed Gastronok
 16105 | Lair:3   | Reached XP level 12. HP: 63/63 MP: 17/19
 16215 | Lair:3   | Killed Gastronok
 16266 | Lair:3   | Noticed a seven-headed hydra
 16302 | Lair:3   | Killed a seven-headed hydra
 16643 | Lair:3   | Reached skill level 12 in Ranged Weapons
 17548 | Lair:4   | Noticed a death yak
 17589 | Lair:4   | Killed a death yak
 18002 | Lair:4   | Noticed a boulder beetle
 18064 | Lair:4   | Killed a boulder beetle
 18215 | Lair:4   | Reached skill level 13 in Ranged Weapons
 18265 | Lair:4   | Reached **** piety under Dithmenos
 18507 | Lair:4   | Reached skill level 5 in Spellcasting
 18825 | Lair:4   | Noticed a death yak
 18825 | Lair:4   | Noticed a death yak
 18910 | Lair:4   | Killed a death yak
 18911 | Lair:4   | Reached XP level 13. HP: 68/68 MP: 19/21
 19395 | Lair:5   | Entered Level 5 of the Lair of Beasts
 20799 | Lair:4   | Reached skill level 14 in Ranged Weapons
 21012 | Lair:4   | Reached skill level 10 in Invocations
 21058 | Lair:5   | Reached ***** piety under Dithmenos
 21447 | Lair:4   | Reached skill level 10 in Dodging
 21802 | Lair:5   | Acquired the +0 cloak of Love and Death {rElec rN+ MP+9
                  | Str-3}
 22765 | Lair:5   | Found a runed translucent door.
 22766 | Lair:5   | Noticed a fire dragon
 23804 | Lair:5   | Reached skill level 15 in Ranged Weapons
 23927 | Lair:5   | Reached XP level 14. HP: 63/73 MP: 25/27
 24210 | Lair:5   | Found a viscous altar of Jiyva.
 24210 | Lair:5   | Found a staircase to the Slime Pits.
 26442 | D:11     | Reached skill level 16 in Ranged Weapons
 26515 | D:11     | Found a shimmering blue altar of Sif Muna.
 26520 | D:11     | Noticed a deep elf sorcerer
 26604 | D:12     | You fall into a shaft and drop 3 floors!
 26604 | D:15     | Entered Level 15 of the Dungeon
 26694 | D:14     | Found Cara's Assorted Antiques.
 26794 | D:14     | Noticed Louise
 27072 | D:12     | Found a staircase to the Orcish Mines.
 27084 | D:12     | Noticed Nessos
 27146 | D:12     | Noticed Sonja
 27150 | D:12     | Killed Nessos
 27176 | D:12     | Killed Sonja
 27408 | D:12     | Noticed Fannar
 27409 | D:12     | Noticed Urug
 28186 | D:12     | Reached ****** piety under Dithmenos
 28466 | Orc:1    | Entered Level 1 of the Orcish Mines
 28466 | Orc:1    | Noticed Josephine
 28526 | D:12     | Killed Josephine
 28649 | Orc:1    | Noticed an orc warlord
 28784 | D:12     | Killed an orc warlord
 29509 | Orc:2    | Entered Level 2 of the Orcish Mines
 29657 | Orc:2    | Found a staircase to the Elven Halls.
 29921 | Orc:2    | Reached XP level 15. HP: 77/77 MP: 19/28
 30173 | Orc:2    | Reached skill level 17 in Ranged Weapons
 30881 | Orc:2    | Paralysed by an orc sorcerer for 5 turns
 31078 | Orc:2    | Found Yppigug's Armour Shop.
 31083 | Orc:2    | Found Gokh's Antique Weapon Shoppe.
 31088 | Orc:2    | Found Sooxoil's Distillery.
 31090 | Orc:2    | Found Ninkom's Antique Armour Shop.
 31788 | D:13     | Found Foci's Changing Room.
 32776 | D:14     | Reached skill level 18 in Ranged Weapons
 33041 | D:14     | Found a gate to the Vaults.
 33111 | D:14     | Reached skill level 1 in Short Blades
 33457 | Abyss:3  | Cast into level 3 of the Abyss (Louise)
 33482 | Abyss:3  | Noticed an Executioner
 33598 | Abyss:3  | HP: 1/77 [blizzard demon (6)]
 33599 | Abyss:3  | Killed from afar by a raiju

Illustrated notes

Levels and vault maps discovered:
D:1:      amcnicky_arrival_wind_blow, layout_basic
D:2:      layout_basic
D:3:      wad_river_or_something, layout_basic, uniq_robin
D:4:      layout_loops_ring, serial_undead, serial_undead_f, serial_undead_e,
          serial_undead_a, serial_undead_c, serial_undead_d, serial_undead_a,
          serial_undead_a, grunt_ministairs_13
D:5:      layout_basic
D:6:      layout_gridville, mainiacjoe_overflow_paths, minmay_temple_entry_hall,
          serial_shops, nicolae_take_the_stairs, uniq_edmund
D:7:      layout_loops_ring, makhleb_blood_cavern_becter
D:8:      layout_basic, gammafunk_ghost_ooze
D:9:      layout_roguey [special_room_orc], lemuel_coloured_pillars_altar,
          minmay_misc_feat_tiny
D:10:     layout_loops_cross, old_standard_altar, uniq_snorg
D:11:     evilmike_library_of_no_secrets, layout_rooms, erik_lair_dragon,
          serial_shops, nicolae_shop_temple_entry_statues_fountains,
          gammafunk_ghost_split
D:12:     layout_roguey, orc_0_dummy, uniq_sonja, uniq_fannar, uniq_urug,
          uniq_nessos
D:13:     layout_cave_pods, nicolae_transmutations_shop
D:14:     layout_irregular_city, hangedman_vaults_entry_quadrant_bands,
          serial_shops, nicolae_shop_window_shopping, serial_glass,
          glass_columns_b, glass_columns_b, glass_columns_a, glass_columns_b,
          glass_columns_a, glass_columns_b, uniq_louise
D:15:     gammafunk_depths_entry_grave, layout_basic
Temple:   regret_index_temple_chain_breaker
Lair:1:   layout_roguey, enter_volcano_4
Lair:2:   layout_layer_cave, swamp_mist, nicolae_snake_entry_warm_welcome,
          grunt_forest_large_clearing_hut
Lair:3:   layout_regular_city, uniq_gastronok
Lair:4:   layout_regular_city, minmay_hedge_maze, minmay_shattered_shrine,
          infiniplex_staircase_pool
Lair:5:   hangedman_lair_tendril_chambers, layout_gridlike, wormcave,
          dpeg_slime_entry_enclosed, serial_forest,
          infiniplex_forest_straight_3, infiniplex_forest_zigzag_1,
          infiniplex_forest_lined_ring, infiniplex_forest_straight_4,
          chequers_serial_rivers_small_3, columned_hall_lemuel
Orc:1:    layout_caves, basic_altar, uniq_josephine
Orc:2:    st_orc_elflike, layout_caves, nooodl_orcs_dogs
Abyss:3:  base: D:2, abyss_greek_temple, abyss_greek_temple,
          dshaligram_kb_abyss_rune_zappy_water_cross

Skill      XL: |  1  2  3  4  5  6  7  8  9 10 11 12 13 14 15 |
---------------+----------------------------------------------+-----
Stealth        | 1 2 3 4 5 7 8 |  8.7
Ranged Weapons | 3 4 5 6 7 9 11 13 15 16 18 | 18.0
Fire Magic     | 1 2 3 |  3.0
Spellcasting   | 2 3 4 5 8 |  8.0
Translocations | 3 |  3.0
Fighting       | 1 3 4 5 7 8 |  8.1
Hexes          | 4 5 7 8 |  8.0
Dodging        | 4 6 8 11 13 14 | 14.7
Invocations    | 2 4 6 7 9 10 12 | 12.0
Short Blades   | 1 |  1.8

Action                     |  1- 3 |  4- 6 |  7- 9 | 10-12 | 13-15 || total
---------------------------+-------+-------+-------+-------+-------++-------
  Melee: Dagger            |       |     5 |     8 |    18 |    23 ||    54
         Punch             |       |       |       |     1 |       ||     1
   Fire: Sling             |   129 |   135 |   264 |   143 |       ||   671
         Shortbow          |       |       |       |   430 |  1429 ||  1859
         Arbalest          |       |       |       |       |     9 ||     9
  Throw: Dart              |       |     2 |       |       |       ||     2
   Cast: Slow              |     4 |       |    13 |    11 |     3 ||    31
         Inner Flame       |     2 |     9 |    76 |   108 |   243 ||   438
         Portal Projectile |       |       |     3 |    13 |    31 ||    47
         Cause Fear        |       |       |       |    22 |    61 ||    83
 Invoke: Shadow Step       |       |       |       |       |     1 ||     1
    Use: Scroll            |       |     2 |    13 |     6 |     8 ||    29
   Stab: Sleeping          |       |     5 |     6 |     8 |    11 ||    30
 Armour: Robe              |     2 |     7 |     3 |     1 |       ||    13
         Troll leather arm |       |       |       |     9 |    43 ||    52
  Dodge: Dodged            |    29 |    34 |    41 |   123 |   404 ||   631
  Block: Other             |       |       |     5 |    23 |    94 ||   122
         Reflection        |       |       |     4 |     4 |     3 ||    11

Table legend: (Time is in decaauts)
 A = Elapsed time spent in this place.
 B = Non-inter-level travel time spent in this place.
 C = Inter-level travel time spent in this place.
 D = Time resting spent in this place.
 E = Time spent auto-exploring this place.
 F = Levels seen in this place.
 G = Mean time per level.
                   A        B        C        D        E       F      G
               +--------+--------+--------+--------+--------+-----+--------+
         Total |  25274 |  24408 |    866 |   8095 |   7780 |  24 | 1053.1 |
       Dungeon |  12506 |  12111 |    395 |   3415 |   4961 |  15 |  833.7 |
        Temple |    128 |     96 |     32 |      0 |     84 |   1 |  128.0 |
          Lair |  10806 |  10419 |    387 |   4002 |   2411 |   5 | 2161.2 |
  Orcish Mines |   1742 |   1691 |     51 |    677 |    323 |   2 |  871.0 |
         Abyss |     90 |     90 |      0 |      0 |      0 |   1 |   90.0 |
               +--------+--------+--------+--------+--------+-----+--------+

Top non-repeatable levels by time:
  Lair:4: 3986 daAuts
  Lair:5: 2769 daAuts
  Lair:2: 1665 daAuts
    D:12: 1450 daAuts
  Lair:1: 1279 daAuts
    D:11: 1213 daAuts
     D:4: 1150 daAuts
   Orc:2: 1149 daAuts
  Lair:3: 1106 daAuts
    D:14: 1080 daAuts
    D:10: 981 daAuts
     D:9: 954 daAuts
     D:3: 921 daAuts
     D:5: 827 daAuts
    D:13: 757 daAuts
